 Dungeon Crawl Stone Soup version 0.29.1-4-g47bece8355 (webtiles) character file.

Game seed: 6152484519812648648

92 Linkola the Covert (level 4, -2/41 HPs)
             Began as a Gnoll Delver on Dec 11, 2022.
             Slain by an iguana (11 damage)
             ... on level 6 of the Dungeon.
             The game lasted 00:11:51 (4542 turns).

Linkola the Covert (Gnoll Delver)                   Turns: 4542, Time: 00:11:51

Health: -2/41      AC: 13    Str: 13    XL:     4   Next: 60%
Magic:  5/5        EV: 10    Int:  9    God:
Gold:   219        SH:  5    Dex: 14    Spells: 4/5 levels left

rFire   . . .      SeeInvis .   l - +0 mace (vorpal)
rCold   . . .      Faith    .   a - +1 buckler
rNeg    . . .      Spirit   .   i - +0 chain mail
rPois   .          Reflect  .   x - +1 helmet
rElec   .          Harm     .   B - +1 cloak
rCorr   .          Rampage  .   v - +0 pair of gloves
Will    .....                   (no boots)
Stlth   +.........              (no amulet)
HPRegen 0.13/turn               w - ring of flight
MPRegen 0.09/turn               A - +4 ring of evasion

@: flying, studying Armour
A: fangs 1, strong nose, distributed training
a: no special abilities


You were on level 6 of the Dungeon.
You visited 1 branch of the dungeon, and saw 6 of its levels.

You collected 219 gold pieces.

Inventory:

Hand Weapons
 l - a +0 vorpal mace (weapon)
Missiles
 n - 11 poisoned darts
 o - a stone (quivered)
Armour
 a - a +1 buckler (worn)
 i - a +0 chain mail (worn)
 v - a +0 pair of gloves (worn)
 x - a +1 helmet (worn)
 B - a +1 cloak (worn)
Magical Staves
 m - a staff of fire
Jewellery
 w - a ring of flight (left hand)
 A - a +4 ring of evasion (right hand)
Wands
 g - a wand of digging (3)
 r - a wand of mindburst (11)
 z - a wand of polymorph (9)
Scrolls
 c - a scroll of fog
 d - a scroll of magic mapping
 e - a scroll of fear
 h - a scroll of teleportation
 y - a scroll of summoning
Potions
 f - a potion of haste
 j - 2 potions of curing
 k - 2 potions of heal wounds
 p - a potion of brilliance
 q - a potion of attraction {unknown}
 s - a potion of flight {unknown}
 t - a potion of resistance {unknown}


   Skills:
 + Level 6.6 Fighting
 + Level 1.2 Short Blades
 + Level 1.2 Long Blades
 + Level 4.7 Axes
 + Level 1.2 Maces & Flails
 + Level 1.2 Polearms
 + Level 1.2 Staves
 + Level 1.2 Ranged Weapons
 + Level 1.2 Throwing
 + Level 1.9 Armour
 + Level 4.7 Dodging
 + Level 9.6 Stealth
 + Level 1.2 Shields
 + Level 1.2 Unarmed Combat
 + Level 1.2 Spellcasting
 + Level 1.0 Conjurations
 + Level 1.0 Hexes
 + Level 1.0 Summonings
 + Level 1.0 Necromancy
 + Level 1.0 Translocations
 + Level 1.0 Transmutations
 + Level 1.0 Fire Magic
 + Level 1.0 Ice Magic
 + Level 1.0 Air Magic
 + Level 1.0 Earth Magic
 + Level 1.0 Poison Magic
 + Level 1.3 Invocations
 + Level 1.2 Evocations


You had 4 spell levels left.
You knew the following spells:

 Your Spells              Type           Power      Damage    Failure   Level
a - Magic Dart            Conj           8%         1d3       100%        1

Your spell library contained the following spells:

 Spells                   Type           Power      Damage    Failure   Level
 Call Imp                 Summ           2%         N/A       100%        2
 Mephitic Cloud           Conj/Pois/Air  2%         N/A       100%        3
 Alistair's Intoxication  Tmut/Pois      1%         N/A       100%        5
 Borgnjor's Vile Clutch   Necr/Erth      1%         N/A       100%        5
 Eringya's Noxious Bog    Tmut/Pois      1%         N/A       100%        6


Dungeon Overview and Level Annotations

Branches:
Dungeon (6/15)
 Temple: D:4-7

Altars:

Annotations:
D:5 Grinder


Innate Abilities, Weirdness & Mutations

You have very sharp teeth.
Your uncanny sense of smell can sniff out nearby items.
Your experience applies equally to all skills.


Message History

The orc hits you but does no damage. The orc attacks as you move away!
The orc barely misses you.
There is an escape hatch in the floor here.
The orc hits you but does no damage.
The phantom hits you but does no damage.
You fly downwards.
The hatch slams shut behind you.
The hound barks!
The iguana hisses angrily.
The yak bellows!
You hear a bellow!
You hit the phantom but do no damage. Your bite misses the phantom.
The phantom is heavily damaged.
You block the orc's attack. The phantom hits you.
The phantom blinks!
You blink.
An orc comes into view. It is wielding a +0 club.
You block the hound's attack.
You closely miss the hound.
The orc shouts!
The hound closely misses you.
The phantom hits you but does no damage.
You block the hound's attack. You block the orc's attack.
The phantom hits you but does no damage.
You closely miss the hound. You block the hound's attack.
The iguana misses you.
The phantom hits you but does no damage.
The orc hits you but does no damage. You block the hound's attack.
A yak comes into view.
The iguana bites you!
* * * LOW HITPOINT WARNING * * *
You barely miss the hound.
The yak bellows!
You hear a bark!
The hound completely misses you. The orc hits you but does no damage.
The phantom hits you but does no damage.
The iguana barely misses you.
A yak comes into view.
The hound closely misses you. The orc hits you but does no damage.
The phantom hits you but does no damage.
You hit the yak.
The yak is lightly wounded.
The hound bites you.
* * * LOW HITPOINT WARNING * * *
The yak barely misses you. The iguana bites you!
You die...

............##
.............
#...........
#.........
#........ ##.
#......# ....
#...l.W#.....
##.h@Y...Y.Y
#..o.......#
#...#.o.#.##
#...#.....
#............
####.........
##.......# ∆
.#...... .#...


You could see 3 yaks, a phantom, an iguana, a hound and 2 orcs.

Vanquished Creatures
  An adder (D:4)
  A worm (D:3)
  3 dart slugs
  9 orcs
  3 ball pythons
  2 bats (D:2)
  9 endoplasms
  2 giant cockroaches (D:2)
  5 goblins
  4 hobgoblins
  4 quokkas
  A frilled lizard (D:1)
  7 kobolds
  6 rats
57 creatures vanquished.

Notes
Turn   | Place    | Note
-------+----------+-------------------------------------------
     0 | D:5      | Reached skill level 9 in Stealth
     0 | D:5      | Linkola the Gnoll Delver began the quest for the Orb.
     0 | D:5      | Reached XP level 1. HP: 23/23 MP: 1/1
   178 | D:4      | Reached XP level 2. HP: 18/29 MP: 2/2
   320 | D:4      | Reached skill level 1 in Armour
   648 | D:3      | Reached XP level 3. HP: 35/35 MP: 3/3
  1028 | D:2      | Reached skill level 1 in Invocations
  1146 | D:1      | Learned a level 1 spell: Magic Dart
  1327 | D:1      | Reached skill level 1 in Short Blades
  1327 | D:1      | Reached skill level 1 in Long Blades
  1327 | D:1      | Reached skill level 1 in Maces & Flails
  1327 | D:1      | Reached skill level 1 in Polearms
  1327 | D:1      | Reached skill level 1 in Staves
  1327 | D:1      | Reached skill level 1 in Ranged Weapons
  1327 | D:1      | Reached skill level 1 in Throwing
  1327 | D:1      | Reached skill level 1 in Shields
  1327 | D:1      | Reached skill level 1 in Unarmed Combat
  1327 | D:1      | Reached skill level 1 in Spellcasting
  1327 | D:1      | Reached skill level 1 in Evocations
  1857 | D:1      | Found a faded altar of an unknown god.
  2469 | D:2      | Reached XP level 4. HP: 41/41 MP: 5/5
  3875 | D:4      | Reached skill level 1 in Conjurations
  3875 | D:4      | Reached skill level 1 in Hexes
  3875 | D:4      | Reached skill level 1 in Summonings
  3875 | D:4      | Reached skill level 1 in Necromancy
  3875 | D:4      | Reached skill level 1 in Translocations
  3875 | D:4      | Reached skill level 1 in Transmutations
  3875 | D:4      | Reached skill level 1 in Fire Magic
  3875 | D:4      | Reached skill level 1 in Ice Magic
  3875 | D:4      | Reached skill level 1 in Air Magic
  3875 | D:4      | Reached skill level 1 in Earth Magic
  3875 | D:4      | Reached skill level 1 in Poison Magic
  4509 | D:5      | Noticed a phantom
  4517 | D:5      | Noticed Grinder
  4537 | D:6      | Noticed a yak
  4540 | D:6      | Noticed a yak
  4541 | D:6      | Noticed a yak
  4542 | D:6      | Slain by an iguana

Illustrated notes

Levels and vault maps discovered:
D:1:      erik_arrival_cave_to_civilisation [erik_arrival_cave_to_hall],
          layout_basic, basic_ecumenical_altar
D:2:      layout_rooms, serial_glass, glass_columns_a, glass_columns_c,
          glass_columns_c, glass_columns_a, glass_columns_b, glass_columns_b
D:3:      layout_basic, wad_orctagon
D:4:      layout_cave_pods
D:5:      layout_cave_pools, minmay_temple_entry_nine_rooms, uniq_ijyb,
          uniq_grinder, uniq_menkaure
D:6:      layout_cave_pools, chequers_serial_rivers_room_b,
          kennysheep_generic_room_6

Skill      XL: |  1  2  3  4 |
---------------+-------------+-----
Stealth        | |  9.6
Armour         | 1 |  1.9
Invocations    | 1 |  1.3
Short Blades   | 1 |  1.2
Long Blades    | 1 |  1.2
Maces & Flails | 1 |  1.2
Polearms       | 1 |  1.2
Staves         | 1 |  1.2
Ranged Weapons | 1 |  1.2
Throwing       | 1 |  1.2
Shields        | 1 |  1.2
Unarmed Combat | 1 |  1.2
Spellcasting   | 1 |  1.2
Evocations     | 1 |  1.2
Conjurations   | 1 |  1.0
Hexes          | 1 |  1.0
Summonings     | 1 |  1.0
Necromancy     | 1 |  1.0
Translocations | 1 |  1.0
Transmutations | 1 |  1.0
Fire Magic     | 1 |  1.0
Ice Magic      | 1 |  1.0
Air Magic      | 1 |  1.0
Earth Magic    | 1 |  1.0
Poison Magic   | 1 |  1.0
Fighting       | |  6.6
Axes           | |  4.7
Dodging        | |  4.7

Action                   |  1- 3 |  4- 6 || total
-------------------------+-------+-------++-------
Melee: Hand axe          |    15 |       ||    15
       Bite              |     9 |     6 ||    15
       Mace              |    65 |    89 ||   154
Throw: Stone             |     3 |     7 ||    10
       Dart              |    12 |     1 ||    13
  Use: Scroll            |     9 |     2 ||    11
 Stab: Sleeping          |     1 |       ||     1
Armor: Chain mail        |    61 |    83 ||   144
Dodge: Dodged            |    28 |    46 ||    74
Block: Buckler           |    14 |    33 ||    47
